 Dungeon Crawl Stone Soup version 0.23.2-1-ga50397a (webtiles) character file.

Game seed: 15976277719612115818

4994 doot the Thaumaturge (level 10, -4/54 HPs)
             Began as a Deep Elf Wizard on May 19, 2019.
             Was a Priest of Vehumet.
             Slain by Maurice
             ... wielding a +0 hand axe
              (9 damage)
             ... on level 9 of the Dungeon.
             The game lasted 00:30:53 (9808 turns).

doot the Thaumaturge (Deep Elf Wizard)              Turns: 9808, Time: 00:30:55

Health: -4/54      AC:  3    Str:  5    XL:     10   Next: 29%
Magic:  36/36      EV: 14    Int: 26    God:    Vehumet [***...]
Gold:   400        SH:  0    Dex: 13    Spells: 19/32 levels left

rFire    . . .     SeeInvis +   z - +14 obsidian axe {chop, +Fly SInv *Curse} (curse)
rCold    . . .     Gourm    .   (no shield)
rNeg     + . .     Faith    .   a - +0 robe
rPois    .         Spirit   .   b - +0 hat
rElec    .         Reflect  .   (no cloak)
rCorr    .         Harm     .   (no gloves)
MR       +....                  q - +0 pair of boots
Stlth    +++.......             C - amulet of regeneration (curse)
HPRegen  0.58/turn              m - ring of magical power
MPRegen  0.25/turn              G - ring of positive energy

@: mesmerised
A: no striking features
a: Renounce Religion, Evoke Flight


You were on level 9 of the Dungeon.
You worshipped Vehumet.
Vehumet was most pleased with you.
You were not hungry.

You visited 2 branches of the dungeon, and saw 10 of its levels.

You collected 490 gold pieces.
You spent 90 gold pieces at shops.

Inventory:

Hand Weapons
 z - the cursed +14 obsidian axe (weapon) {chop, +Fly SInv *Curse}
   (You found it on level 6 of the Dungeon)

   It inflicts extra damage upon your enemies.
   It lets you see invisible.
   It lets you fly.
   It curses itself when equipped.
   It has a curse placed upon it.
Missiles
 E - a throwing net (quivered)
Armour
 a - a +0 robe (worn)
 b - a +0 hat (worn)
 q - a +0 pair of boots (worn)
Jewellery
 m - a ring of magical power (left hand)
 x - an uncursed amulet of harm
 C - a cursed amulet of regeneration (around neck)
 F - a +1 ring of protection
 G - a ring of positive energy (right hand)
Wands
 g - a wand of digging (7)
 y - a wand of paralysis (8)
 I - a wand of random effects (13)
 J - a wand of enslavement (7)
 K - a wand of flame (36)
Scrolls
 e - 5 scrolls of remove curse
 f - 6 scrolls of identify
 h - 2 scrolls of blinking {unknown}
 j - 2 scrolls of amnesia {unknown}
 k - 2 scrolls of fog {unknown}
 p - a scroll of immolation {unknown}
 r - a scroll of enchant weapon {unknown}
 s - a scroll of teleportation {unknown}
 u - a scroll of enchant armour {unknown}
 v - 4 scrolls of fear
 w - 3 scrolls of random uselessness
 A - 2 scrolls of magic mapping {unknown}
Potions
 c - 2 potions of haste
 i - 3 potions of degeneration
 l - 3 potions of resistance
 n - a potion of mutation {unknown}
 o - 5 potions of curing
 t - 4 potions of lignification
 B - a potion of berserk rage {unknown}
Comestibles
 d - 20 rations
 L - 2 chunks of flesh


   Skills:
 + Level 2.5 Fighting
 * Level 6.0 Axes
 + Level 4.5 Dodging
 + Level 4.4 Stealth
 + Level 11.8 Spellcasting
 + Level 7.6 Conjurations
 + Level 2.4 Summonings
 + Level 1.8 Translocations
 + Level 2.1 Fire Magic
 + Level 2.6 Air Magic
 + Level 1.9 Poison Magic


You had 19 spell levels left.
You knew the following spells:

 Your Spells              Type           Power        Failure   Level  Hunger
a - Magic Dart            Conj           ####         1%          1    None
b - Blink                 Tloc           N/A          2%          2    None
c - Call Imp              Summ           ####....     2%          2    None
d - Slow                  Hex            ###.....     6%          2    None
e - Conjure Flame         Conj/Fire      #####...     1%          3    None
f - Mephitic Cloud        Conj/Pois/Air  #####...     1%          3    None

Your spell library contained the following spells:

 Spells                   Type           Power        Failure   Level  Hunger
 Static Discharge         Conj/Air       #####...     1%          3    None
 Apportation              Tloc           ###...       1%          1    None
 Sandblast                Erth           ###...       1%          1    None
 Summon Small Mammal      Summ           ####         1%          1    None
 Stone Arrow              Conj/Erth      #####.       1%          3    None
 Animate Skeleton         Necr           N/A          3%          1    None
 Confusing Touch          Hex            ###...       3%          1    None
 Passwall                 Tmut/Erth      ###.....     6%          2    None
 Lee's Rapid Deconstruct  Erth           ###.......   26%         5    ###....
 Petrify                  Tmut/Erth      ###.....     36%         4    None


Dungeon Overview and Level Annotations

Branches:
Dungeon (9/15)             Temple (1/1) D:4            Lair (0/6) D:8
    Orc: D:9-12

Altars:
Ashenzari
Cheibriados
Dithmenos
Elyvilon
Fedhas
Hepliaklqana
Kikubaaqudgha
Makhleb
Nemelex Xobeh
Qazlal
Ru
Sif Muna
Trog
Uskayaw
Vehumet
Wu Jian
Xom
Yredelemnul
Zin
The Shining One
Lugonu

Shops:
D:5 *

Annotations:
D:9 Maurice


Message History

The orc hits you from afar with a +0 trident.
* * * LOW HITPOINT WARNING * * *
The orc priest miscasts a cantrip.
Unknown command.
Really quaff the potion of lignification?
You turn into a tree.
Your +0 hat melds into your body.
Your +0 pair of boots melds into your body.
Your +0 robe melds into your body.
Your roots penetrate the ground.
Maurice hits you with a +0 hand axe.
* * * LOW HITPOINT WARNING * * *
Maurice steals your scroll labeled MEMITUM RAIKH!
The orc hits you but does no damage. x2
It was a potion of cancellation.
Your magical effects are unravelling.
You feel magically purged.
You feel less wooden.
Your +0 hat unmelds from your body.
Your +0 pair of boots unmelds from your body.
Your +0 robe unmelds from your body.
Maurice hits you with a +0 hand axe!
You die... ##.. #.. ##... ##.. #.... ##... ##.... #.Z. ##.(... ##ooo

#......
##..o#
#......
#..o@#
#.#.###
#..o@# #.###
#....# #.#
##...## #.#
##...## #.#
###..## #.##
##..## #..#
##..## #..#
##..## #..#
##..####..##


You could see Maurice (invisible), an orc warrior, 2 orc priests, 3 orcs and a
hound zombie.

Vanquished Creatures
  2 two-headed ogres (D:8)
  Pikel (D:5)
  Joseph (D:8)
  A hippogriff (D:8)
  A spriggan (D:8)
  A wyvern (D:9)
  A hungry ghost (D:8)
  4 slaves (D:5)
  2 phantoms
  A black bear (D:8)
  A sky beast (D:6)
  3 ogres
  2 centaurs (D:5)
  2 big kobolds
  2 bullfrogs
  A scorpion (D:5)
  8 wights (D:8)
  3 crimson imps
  2 bullfrog skeletons
  A hound (D:4)
  2 jellies (D:8)
  2 orc priests
  2 orc wizards
  8 worker ants
  2 iguanas
  3 worker ant zombies
  11 adders
  3 gnolls (D:6)
  A howler monkey skeleton (D:6)
  4 shadow imps
  2 adder skeletons
  2 adder zombies
  9 worms
  2 dart slugs
  6 leopard geckos
  15 orcs
  A ball python (D:3)
  3 giant cockroaches
  5 goblins
  6 hobgoblins
  13 jackals
  16 kobolds
  3 quokkas
  11 bats
  5 frilled lizards
  A jackal skeleton (D:5)
  A quokka zombie (D:5)
  13 rats
192 creatures vanquished.

Vanquished Creatures (collateral kills)
  2 bullfrogs
  A crimson imp (D:8)
  An iguana (D:5)
  A worker ant (D:6)
  A gnoll (D:6)
  An orc (D:8)
  A jackal (D:6)
8 creatures vanquished.

Grand Total: 200 creatures vanquished

Notes
Turn   | Place    | Note
-------+----------+-------------------------------------------
     0 | D:1      | doot the Deep Elf Wizard began the quest for the Orb.
     0 | D:1      | Reached XP level 1. HP: 10/10 MP: 7/7
   197 | D:1      | Reached XP level 2. HP: 10/15 MP: 0/9
   525 | D:1      | Learned a level 2 spell: Blink
   528 | D:1      | Learned a level 2 spell: Call Imp
   531 | D:1      | Learned a level 2 spell: Slow
   537 | D:1      | Reached skill level 5 in Spellcasting
  1007 | D:1      | Reached XP level 3. HP: 19/19 MP: 6/11
  1209 | D:1      | Learned a level 3 spell: Conjure Flame
  1952 | D:2      | Learned a level 3 spell: Mephitic Cloud
  1961 | D:2      | Reached XP level 4. HP: 24/24 MP: 6/13
  2312 | D:2      | Found a shattered altar of Ashenzari.
  2589 | D:3      | Reached skill level 6 in Spellcasting
  2943 | D:3      | Found a faded altar of an unknown god.
  3493 | D:4      | Noticed an ogre
  3500 | D:4      | Killed an ogre
  3500 | D:4      | Reached XP level 5. HP: 28/28 MP: 16/16
  3578 | D:4      | Reached skill level 7 in Spellcasting
  3578 | D:4      | Reached XP level 6. HP: 32/32 MP: 6/18
  4008 | D:4      | Found a staircase to the Ecumenical Temple.
  4039 | Temple   | Entered the Ecumenical Temple
  4058 | Temple   | Became a worshipper of Vehumet
  4360 | D:5      | Entered Level 5 of the Dungeon
  4369 | D:5      | Found Zin's Purification Station.
  4370 | D:5      | Found a glowing silver altar of Zin.
  4375 | D:5      | Bought a potion of curing for 90 gold pieces
  4807 | D:5      | Reached skill level 1 in Air Magic
  4816 | D:4      | Reached skill level 5 in Conjurations
  4816 | D:4      | Reached XP level 7. HP: 35/36 MP: 11/20
  5236 | D:5      | Reached skill level 8 in Spellcasting
  5255 | D:5      | Reached skill level 1 in Fire Magic
  5282 | D:5      | Reached * piety under Vehumet
  5282 | D:5      | Offered knowledge of Shock by Vehumet.
  5617 | D:5      | Found Haupraups's Assorted Antiques.
  5705 | D:5      | Found a bloodstained altar of Trog.
  5709 | D:5      | Noticed Pikel
  5868 | D:5      | Killed Pikel
  5868 | D:5      | Reached skill level 9 in Spellcasting
  5868 | D:5      | Reached skill level 1 in Poison Magic
  5868 | D:5      | Reached XP level 8. HP: 42/42 MP: 18/23
  5938 | D:5      | Found a burning altar of Makhleb.
  5940 | D:5      | Found a deep blue altar of Sif Muna.
  5971 | D:5      | Reached skill level 10 in Spellcasting
  6303 | D:5      | Found a glowing golden altar of the Shining One.
  6304 | D:5      | Found an ornate altar of the Wu Jian Council.
  6304 | D:5      | Found a sacrificial altar of Ru.
  6304 | D:5      | Found a blossoming altar of Fedhas.
  6305 | D:5      | Found a shimmering altar of Xom.
  6306 | D:5      | Found a hazy altar of Hepliaklqana.
  6308 | D:5      | Found an ancient bone altar of Kikubaaqudgha.
  7072 | D:6      | Found the cursed +14 obsidian axe {chop, +Fly SInv *Curse}
  7214 | D:6      | Reached skill level 11 in Spellcasting
  7352 | D:7      | Reached skill level 1 in Axes
  7352 | D:7      | Reached ** piety under Vehumet
  7352 | D:7      | Offered knowledge of Searing Ray by Vehumet.
  8122 | D:8      | Reached XP level 9. HP: 46/46 MP: 26/26
  8127 | D:8      | Noticed a two-headed ogre
  8133 | D:8      | Noticed a two-headed ogre
  8140 | D:8      | Killed a two-headed ogre
  8140 | D:8      | Reached skill level 1 in Fighting
  8141 | D:8      | Killed a two-headed ogre
  8346 | D:8      | Noticed Joseph
  8355 | D:8      | Killed Joseph
  8355 | D:8      | Reached skill level 5 in Axes
  8365 | D:8      | Found a hide-covered altar of Uskayaw.
  8369 | D:8      | Reached XP level 10. HP: 19/52 MP: 26/27
  8613 | D:8      | Found a bloodstained altar of Trog.
  8881 | D:8      | Offered knowledge of Static Discharge by Vehumet.
  8973 | D:8      | Found a staircase to the Lair.
  9298 | D:8      | Reached *** piety under Vehumet
  9331 | D:8      | Found a stormy altar of Qazlal.
  9798 | D:9      | Noticed Maurice
  9808 | D:9      | Slain by Maurice

Skill      XL: |  1  2  3  4  5  6  7  8  9 10 |
---------------+-------------------------------+-----
Spellcasting   | 5 6 7 9 11 | 11.8
Conjurations   | 2 3 5 6 7 |  7.6
Stealth        | 3 4 |  4.4
Air Magic      | 1 2 |  2.6
Dodging        | 3 4 |  4.5
Fire Magic     | 1 2 |  2.1
Poison Magic   | 1 |  1.9
Axes           | 1 5 6 |  6.0
Fighting       | 1 2 |  2.5
Summonings     | 2 |  2.4
Translocations | |  1.8

Action                   |  1- 3 |  4- 6 |  7- 9 | 10-12 || total
-------------------------+-------+-------+-------+-------++-------
Melee: Unarmed           |     1 |     1 |       |       ||     2
       Broad axe         |       |       |    40 |    45 ||    85
 Cast: Magic Dart        |   114 |   171 |   146 |    39 ||   470
       Call Imp          |     1 |       |     9 |     2 ||    12
       Conjure Flame     |       |     6 |    19 |     6 ||    31
       Mephitic Cloud    |       |     4 |    17 |     1 ||    22
       Blink             |       |     1 |     5 |       ||     6
  Use: Potion            |       |       |     1 |     2 ||     3
       Scroll            |       |       |     8 |       ||     8
 Stab: Sleeping          |       |       |     2 |     1 ||     3
  Eat: Chunk             |     3 |     9 |     8 |     6 ||    26
       Ration            |       |       |     1 |       ||     1
Armor: Robe              |     7 |     4 |    11 |     6 ||    28
       Skin              |       |       |       |     1 ||     1
Dodge: Dodged            |    24 |    10 |    59 |    38 ||   131
